 Dungeon Crawl Stone Soup version 0.29.0-4-gdea44cf6ec (webtiles) character file.

Game seed: 16335971848936461649

29 qw the Chopper (level 3, -1/21 HPs)
             Began as a Tengu Warper on Aug 28, 2022.
             Slain by a worm (4 damage)
             ... on level 2 of the Dungeon.
             The game lasted 00:00:06 (1400 turns).

qw the Chopper (Tengu Warper)                       Turns: 1400, Time: 00:00:06

Health: -1/21      AC:  3    Str: 13    XL:     3   Next: 16%
Magic:  7/7        EV: 12    Int: 13    God:
Gold:   67         SH:  0    Dex: 13    Spells: 6/6 levels left

rFire   . . .      SeeInvis .   Y - +1 hand axe
rCold   . . .      Faith    .   (no shield)
rNeg    . . .      Spirit   .   b - +0 leather armour
rPois   .          Reflect  .   (helmet restricted)
rElec   .          Harm     .   (no cloak)
rCorr   +          Rampage  .   (no gloves)
Will    .....                   (boots unavailable)
Stlth   +.........              (no amulet)
HPRegen 0.07/turn               j - ring of resist corrosion
MPRegen 0.10/turn               (no ring)

@: no status effects
A: beak, talons 3
a: no special abilities


You were on level 2 of the Dungeon.
You visited 1 branch of the dungeon, and saw 2 of its levels.

You collected 67 gold pieces.


Innate Abilities, Weirdness & Mutations

You have a beak for a mouth.
You have claws for feet.


   Skills:
 - Level 2.0 Fighting
 + Level 3.9 Axes
 - Level 1.0 Throwing
 - Level 1.1 Armour
 - Level 2.1 Dodging
 - Level 2.0 Spellcasting
 - Level 2.4 Translocations


You had 6 spell levels left.
You didn't know any spells.
Your spell library contained the following spells:

 Spells                   Type           Power      Damage    Failure   Level
 Blink                    Tloc           14%        N/A       19%         2
 Gell's Gravitas          Tloc           7%         N/A       36%         3
 Lesser Beckoning         Tloc           7%         N/A       36%         3
 Teleport Other           Tloc           7%         N/A       36%         3
 Manifold Assault         Tloc           7%         N/A       98%         5

Inventory:

Hand Weapons
 k - a +0 whip
 Y - a +1 hand axe (weapon)
Armour
 b - a +0 leather armour (worn)
Jewellery
 j - a ring of resist corrosion (left hand)
Potions
 d - a potion of cancellation {unknown}
 g - a potion of heal wounds {unknown}
 i - a potion of magic {unknown}
 m - a potion of curing {unknown}

Dungeon Overview and Level Annotations

Branches:
Dungeon (2/15)

Altars:


Message History

What level of the Dungeon? (default 1, ? - help)
There is a stone staircase leading down here.
You climb downwards.
There is a stone staircase leading up here.
A rat is nearby!
Existing waypoints: (2) D:1 Assign waypoint to what number? (0-9, D - delete waypoint) Waypoint 1 assigned to D:2.
You hit the rat but do no damage. You claw the rat.
You peck the rat, but do no damage.
The rat is moderately wounded.
The rat completely misses you.
You hit the rat.
You kill the rat!
There is a stone staircase leading up here.
A dart slug comes into view.
Enter note:
Enter note: A worm comes into view.
The dart slug briefly extends its eye-stalks.
The dart slug launches a dart at you. The slug dart hits you.
The worm bites you.
You hit the worm. Your kick misses the worm.
The worm is moderately wounded.
The worm bites you.
You hit the worm. Your kick misses the worm.
The worm is moderately wounded.
You completely miss the worm.
The worm is moderately wounded.
You hit the dart slug. The worm bites you!
The dart slug launches a dart at you. The slug dart hits you.
You hit the worm. Your kick misses the worm.
The worm is moderately wounded.
You hit the dart slug. The dart slug closely misses you. The worm bites you.
You die...

### # #.. .#
#.# ##.### #.#
.....
#######.##.#.#
#.....w.#.w..#
#@#....##
#####.w.....#
#...........#
#.###.......#
#.#.###.#...###
#.......#...#
##..##.######
#..##.##
###..#...####


You could see a worm and a dart slug.

Vanquished Creatures
  A dart slug (D:1)
  3 endoplasms (D:1)
  A giant cockroach (D:1)
  2 goblins (D:1)
  3 hobgoblins (D:1)
  3 kobolds (D:1)
  3 quokkas (D:1)
  3 bats (D:1)
  3 frilled lizards (D:1)
  3 rats
25 creatures vanquished.

Notes
Turn   | Place    | Note
-------+----------+-------------------------------------------
     0 | D:1      | qw the Tengu Warper began the quest for the Orb.
     0 | D:1      | Reached XP level 1. HP: 12/12 MP: 4/4
     0 | D:1      | 0 ||| qw: Version: 0.1-a-89-g26bdef1
     0 | D:1      | 0 ||| qw: Game counter: 1163
     0 | D:1      | 0 ||| qw: Always use a shield: true
     0 | D:1      | 0 ||| qw: God list: Okawaru
     0 | D:1      | 0 ||| qw: Allow faded altars: false
     0 | D:1      | 0 ||| qw: Do Orc after D:15 true
     0 | D:1      | 0 ||| qw: Do second Lair branch before Depths: true
     0 | D:1      | 0 ||| qw: Lair rune preference: random
     0 | D:1      | 0 ||| qw: Plans: Normal
     0 | D:1      | 0 ||| PLANNING D:1-11
    69 | D:1      | Reached skill level 3 in Axes
    69 | D:1      | Reached XP level 2. HP: 12/17 MP: 6/6
   574 | D:1      | 574 ||| Stepping ~*~*~tactically~*~*~ (stealth).
   576 | D:1      | 576 ||| Stepping ~*~*~tactically~*~*~ (stealth).
   655 | D:1      | 655 ||| Stepping ~*~*~tactically~*~*~ (stealth).
   684 | D:1      | Reached XP level 3. HP: 13/21 MP: 7/7
  1221 | D:1      | 1221 ||| DROPPING amulet of faith.
  1222 | D:1      | 1222 ||| DROPPING ring of magical power.
  1223 | D:1      | 1223 ||| UPGRADING to ring of resist corrosion.
  1224 | D:1      | 1224 ||| READING scroll labelled TULIPEI VEOSEMIJA.
  1339 | D:1      | 1339 ||| READING scroll labelled POCVUVU DANUB.
  1340 | D:1      | 1340 ||| READING scroll labelled DAKHLUPPURORGH.
  1341 | D:1      | 1341 ||| DROPPING scroll of blinking.
  1399 | D:2      | HP: 4/21 [worm (8)]
  1400 | D:2      | Slain by a worm

Levels and vault maps discovered:
D:1:      nicolae_arrival_somewhat_less_tricky_arrival, layout_basic
D:2:      layout_loops_corners, shapermc_ecumenical_altar_mp_vishouse

Skill      XL: |  1 |
---------------+----+-----
Axes           | 3 |  3.9
Fighting       | |  2.0
Throwing       | |  1.0
Armour         | |  1.1
Dodging        | |  2.1
Spellcasting   | |  2.0
Translocations | |  2.4

Action                   || total
-------------------------++-------
Melee: Hand axe          ||    54
       Kick              ||    12
       Peck              ||     5
Throw: Boomerang         ||     7
  Use: Scroll            ||     3
Armor: Leather armour    ||    22
Dodge: Dodged            ||    27

Table legend:
 A = Non-vault XP
 B = Vault XP
 C = Vault XP percentage of total XP
 D = Non-vault monster count
 E = Vault monster count
 F = Vault count percentage of total count
                 A         B        C        D         E       F
            +---------+---------+-------+---------+---------+-------
      Total |      42 |       0 |   0.0 |      25 |       0 |   0.0
            +---------+---------+-------+---------+---------+-------
        D:1 |      41 |       0 |   0.0 |      24 |       0 |   0.0
        D:2 |       1 |       0 |   0.0 |       1 |       0 |   0.0
            +---------+---------+-------+---------+---------+-------
